 Dungeon Crawl Stone Soup version 0.29.1-15-g9cfb28693d (webtiles) character file.

Game seed: 15016923777956054400

4 Mickster the Firebug (level 1, -4/14 HPs)
             Began as a Demigod Fire Elementalist on Mar 23, 2023.
             Frozen to death by an endoplasm (5 damage)
             ... on level 1 of the Dungeon.
             The game lasted 00:01:25 (64 turns).

Mickster the Firebug (Demigod Fire Elementalist)      Turns: 64, Time: 00:01:26

Health: -4/14      AC:  2    Str:  9    XL:     1   Next: 40%
Magic:  5/5        EV: 12    Int: 17    God:
Gold:   30         SH:  0    Dex: 14    Spells: 2/3 levels left

rFire   . . .      SeeInvis .   (no weapon)
rCold   . . .      Faith    .   (no shield)
rNeg    . . .      Spirit   .   a - +0 robe
rPois   .          Reflect  .   (no helmet)
rElec   .          Harm     .   (no cloak)
rCorr   .          Rampage  .   (no gloves)
Will    .....                   (no boots)
Stlth   ++........              (no amulet)
HPRegen 0.04/turn               (no ring)
MPRegen 0.09/turn               (no ring)

@: no status effects
A: high MP 1, forlorn, divine attributes
a: no special abilities


You were on level 1 of the Dungeon.
You visited 1 branch of the dungeon, and saw 1 of its levels.

You collected 30 gold pieces.

Inventory:

Armour
 a - a +0 robe (worn)


   Skills:
 + Level 1.7 Dodging
 + Level 1.7 Stealth
 + Level 1.7 Spellcasting
 + Level 0.8 Conjurations
 + Level 3.0 Fire Magic


You had 2 spell levels left.
You knew the following spells:

 Your Spells              Type           Power      Damage    Failure   Level
a - Foxfire               Conj/Fire      32%        2x1d5     9%          1

Your spell library contained the following spells:

 Spells                   Type           Power      Damage    Failure   Level
 Scorch                   Fire           22%        2d6       9%          2
 Conjure Flame            Conj/Fire      8%         6-21      26%         3
 Inner Flame              Hex/Fire       6%         N/A       32%         3
 Flame Wave               Conj/Fire      8%         2d5       65%         4


Dungeon Overview and Level Annotations

Branches:
Dungeon (1/15)


Innate Abilities, Weirdness & Mutations

You have an increased reservoir of magic. (+10% MP)
You shall have no god before yourself.
Your divine heritage dramatically boosts your attributes as you level up.


Message History

Your magical contamination has completely faded away.
The foxfire hits the bat.
The bat is heavily wounded.
The foxfire hits the bat.
The bat is severely wounded.
The bat hits you. The endoplasm hits you.
Casting: Foxfire (safe; 10% risk of failure)
Confirm with . or Enter, or press ? or * to list all spells.
You conjure some foxfire!
The bat closely misses you.
The bat barely misses you. x2; The foxfire hits the bat.
You kill the bat!
The endoplasm misses you.
Your Fire Magic skill increases to level 3!
The foxfire hits the endoplasm.
The endoplasm is lightly wounded.
The bat barely misses you.
Casting: Foxfire (safe; 9% risk of failure)
Confirm with . or Enter, or press ? or * to list all spells.
You don't have enough magic to cast this spell.
You hit the endoplasm.
The endoplasm is moderately wounded.
The bat closely misses you. The endoplasm freezes you.
You are frozen.
The bat hits you but does no damage.
You hit the endoplasm but do no damage.
The endoplasm is lightly wounded.
The bat misses you. The endoplasm hits you.
You hit the endoplasm but do no damage.
The endoplasm is lightly wounded.
The bat hits you but does no damage.
The endoplasm hits you but does no damage.
You hit the endoplasm.
The endoplasm is moderately wounded.
The bat barely misses you. The endoplasm hits you.
* * * LOW HITPOINT WARNING * * *
Magic courses through your body. The bat hits you.
* * * LOW HITPOINT WARNING * * *
The endoplasm freezes you.
You are frozen.
You die...

... ... ........#
...........$#
............##
...?.........
............########
# ###
#.......##.....#.#
#.......##.......#
#.......†).J@....#
#.......##.....#.#
#.......####b..#
##.#.#.## #.### ..
#.#.# ..# .K# #.#..
... # ...... ...
..##.. ..... ... ...


You could see an endoplasm and a bat.

Vanquished Creatures
  2 bats (D:1)
  A ball python (D:1)
  A kobold (D:1)
4 creatures vanquished.

Vanquished Creatures (others)
  5 foxfires (D:1)
5 creatures vanquished.

Grand Total: 9 creatures vanquished

Notes
Turn   | Place    | Note
-------+----------+-------------------------------------------
     0 | D:1      | Mickster the Demigod Fire Elementalist began the quest for
                  | the Orb.
     0 | D:1      | Reached XP level 1. HP: 14/14 MP: 5/5
    59 | D:1      | Reached skill level 3 in Fire Magic
    64 | D:1      | Frozen to death by an endoplasm

Illustrated notes

Levels and vault maps discovered:
D:1:      scummos_arrival_hexagon, layout_basic

Skill      XL: |  1 |
---------------+----+-----
Fire Magic     | 3 |  3.0
Dodging        | |  1.7
Stealth        | |  1.7
Spellcasting   | |  1.7
Conjurations   | |  0.8

Action                   || total
-------------------------++-------
Melee: Unarmed           ||     5
 Cast: Foxfire           ||     4
  Use: Scroll            ||     1
       Potion            ||     1
 Stab: Sleeping          ||     1
Armor: Robe              ||     7
Dodge: Dodged            ||    18
